 Dungeon Crawl Stone Soup version 0.27-a0-637-g3a9f0a9c12 (webtiles) character file.

Game seed: 16202797861278665436

149 siradein the Conjurer (level 5, -8/38 HPs)
             Began as a Draconian Conjurer on Mar 15, 2021.
             Killed by divine providence
             ... invoked by an orc priest
              (12 damage)
             ... on level 3 of the Dungeon.
             The game lasted 00:18:49 (3075 turns).

siradein the Conjurer (Draconian Conjurer)          Turns: 3075, Time: 00:18:50

Health: -8/38      AC:  5    Str:  7 (9)  XL:     5   Next: 9%
Magic:  8/8        EV: 12    Int: 18 (19) God:
Gold:   197        SH:  0    Dex:  9 (10) Spells: 2/8 levels left

rFire    . . .     SeeInvis .   (no weapon)
rCold    + . .     Faith    .   (no shield)
rNeg     . . .     Spirit   .   (armour unavailable)
rPois    .         Reflect  .   (helmet restricted)
rElec    .         Harm     .   (no cloak)
rCorr    .         Rampage  .   (no gloves)
Will     .....                  (no boots)
Stlth    +.........             (no amulet)
HPRegen  0.12/turn              c - ring of protection from cold
MPRegen  0.11/turn              (no ring)

@: confused, flying
A: AC +5, unfitting armour, cold-blooded
a: no special abilities


You were on level 3 of the Dungeon.
You visited 1 branch of the dungeon, and saw 3 of its levels.

You collected 197 gold pieces.

Inventory:

Jewellery
 c - a ring of protection from cold (right hand)
 e - a ring of positive energy
Scrolls
 a - 5 scrolls of identify {unknown}
 b - a scroll of blinking {unknown}
 f - a scroll of fear {unknown}
 h - a scroll of teleportation {unknown}
 i - a scroll of enchant weapon {unknown}


   Skills:
 - Level 1.7 Dodging
 - Level 1.7 Stealth
 - Level 2.0 Spellcasting
 + Level 6.4 Conjurations


You had 2 spell levels left.
You knew the following spells:

 Your Spells              Type           Power      Damage    Failure   Level
a - Magic Dart            Conj           100%       1d8       1%          1
b - Searing Ray           Conj           50%        3d5       1%          2
c - Dazzling Flash        Conj/Hex       26%        N/A       14%         3

Your spell library contained the following spells:

 Spells                   Type           Power      Damage    Failure   Level
 Fulminant Prism          Conj/Hex       6%         3d7       43%         4
 Iskenderun's Mystic Bla  Conj/Tloc      13%        2d5       43%         4


Dungeon Overview and Level Annotations

Branches:
Dungeon (3/15)

Altars:
Elyvilon
Makhleb
Yredelemnul


Innate Abilities, Weirdness & Mutations

Your plain brown scales are hard. (AC +5)
You cannot fit into any form of body armour.
You are cold-blooded and may be slowed by cold attacks.


Message History

The orc wizard closely misses you.
The orc wizard gestures at you while chanting.
The magic dart hits you!
Things that are here:
a +0 flail; an orc corpse You bump into the rock wall.
The orc priest hits you from afar with a +0 trident.
You bump into the rock wall.
The orc priest invokes the aid of Beogh against you.
Beogh smites you!
* * * LOW HITPOINT WARNING * * *
An orc comes into view.
The orc shouts!
The orc wizard points at you and mumbles some strange words.
You are more confused.
An orc comes into view. It is wielding a +0 dagger.
The orc moves out of view.
It was a potion of degeneration.
There was something very wrong with that liquid.
You feel weakened.
You feel dopey.
You feel clumsy.
The orc shouts!
It was a potion of flight.
You feel very buoyant.
You fly up into the air.
An orc comes into view. It is wielding a +0 short sword.
The orc wizard hits you but does no damage.
The orc priest misses you.
You bump into the rock wall.
The orc wizard closely misses you. The orc priest closely misses you.
You bump into the rock wall.
The orc wizard closely misses you.
The orc wizard gestures at you while chanting.
You are more confused.
You bump into the rock wall.
The orc closely misses you. The orc hits you with a +0 dagger.
* * * LOW HITPOINT WARNING * * *
The orc wizard points at you and mumbles some strange words.
You resist with some effort.
The orc priest calls down the wrath of Beogh upon you.
Beogh smites you!
You die...

##...#..#.##.# #####..#.##[#
#..#.##.# .. #.......# .....
##.o....# .....#######o####
...........#o#
...>......o#.#
(........oo.@#
...........###
...........#######
.#.#.............#
#..........####.#
.........#.####.#######
###.##.#.#.#......#...######
.....#.#.#.#......#......#
#.............#.#...####.#


You could see an orc priest, an orc wizard and 4 orcs.

Vanquished Creatures
  Robin (D:2)
  4 gnolls (D:2)
  3 adders
  An ooze (D:3)
  2 worms
  A dart slug (D:1)
  A leopard gecko (D:1)
  2 orcs (D:3)
  A ball python (D:2)
  6 bats
  2 giant cockroaches (D:2)
  8 goblins
  6 hobgoblins
  7 jackals (D:1)
  4 kobolds
  8 rats
57 creatures vanquished.

Vanquished Creatures (others)
  6 plants (D:1)
6 creatures vanquished.

Grand Total: 63 creatures vanquished

Notes
Turn   | Place    | Note
-------+----------+-------------------------------------------
     0 | D:1      | siradein the Draconian Conjurer began the quest for the
                  | Orb.
     0 | D:1      | Reached XP level 1. HP: 14/14 MP: 3/3
   387 | D:1      | Reached XP level 2. HP: 20/20 MP: 1/5
   488 | D:1      | Learned a level 2 spell: Searing Ray
   976 | D:1      | Reached skill level 5 in Conjurations
  1003 | D:1      | Reached XP level 3. HP: 24/26 MP: 0/6
  1554 | D:2      | Found a burning altar of Makhleb.
  1554 | D:2      | Found a basalt altar of Yredelemnul.
  1784 | D:2      | Reached XP level 4. HP: 33/33 MP: 2/7
  1794 | D:2      | Noticed Robin
  1866 | D:2      | Killed Robin
  2053 | D:2      | Reached skill level 6 in Conjurations
  2663 | D:3      | Found a white marble altar of Elyvilon.
  2943 | D:3      | Reached XP level 5. HP: 38/38 MP: 4/8
  3012 | D:3      | Learned a level 3 spell: Dazzling Flash
  3075 | D:3      | Killed from afar by an orc priest

Illustrated notes

Levels and vault maps discovered:
D:1:      dpeg_arrival_ratfight, layout_basic, chequers_big_river
D:2:      layout_loops_ring, gammafunk_temple_overflow_wave, uniq_robin
D:3:      layout_loops_cross, old_standard_altar

Skill      XL: |  1  2  3  4 |
---------------+-------------+-----
Conjurations   | 5 6 |  6.4
Dodging        | |  1.7
Stealth        | |  1.7
Spellcasting   | |  2.0

Action                   |  1- 3 |  4- 6 || total
-------------------------+-------+-------++-------
 Cast: Magic Dart        |    67 |    17 ||    84
       Searing Ray       |     2 |     7 ||     9
  Use: Potion            |       |     2 ||     2
Armor: Skin              |     9 |     6 ||    15
Dodge: Dodged            |    23 |     9 ||    32

Table legend: (Time is in decaauts)
 A = Elapsed time spent in this place.
 B = Non-inter-level travel time spent in this place.
 C = Inter-level travel time spent in this place.
 D = Time resting spent in this place.
 E = Time spent auto-exploring this place.
 F = Levels seen in this place.
 G = Mean time per level.
                   A        B        C        D        E       F      G
               +--------+--------+--------+--------+--------+-----+--------+
         Total |   3081 |   3041 |     40 |    138 |   2459 |   3 | 1027.0 |
       Dungeon |   3081 |   3041 |     40 |    138 |   2459 |   3 | 1027.0 |
               +--------+--------+--------+--------+--------+-----+--------+

Top non-repeatable levels by time:
     D:1: 1534 daAuts
     D:2: 1047 daAuts
     D:3: 499 daAuts
